Map: Ulrena

Players

Loominarty - Winner!

  • Race: Zerg Zerg
  • League: Silver
  • Spawn Location: 11:00

Fropez

  • Race: Protoss Protoss
  • League: Silver
  • Spawn Location: 7:00

VOD

Have the link to the VOD?

Description

Time

  • Played on: May 11, 2016, 12:43 p.m.
  • Length: 12:14
Show
View Real Time Build Order
Export as new Build Order

Loominarty Zerg - Winner!

Build Orders: Hatch First 

Get SALT Encoding   

  12  0:01  Drone  
  13  0:08  Drone  
  14  0:17  Overlord  
  14  0:24  Overlord  
  14  0:37  Drone x2  
  16  0:44  Drone  
  17  0:56  Drone  
  18  1:04  Hatchery  
  18  1:06  Drone  
  18  1:13  Extractor  
  18  1:18  Drone  
  18  1:29  Spawning Pool  
  18  1:32  Overlord  
  17  1:58  Drone x2  
  19  2:05  Drone  
  20  2:13  Drone  
  21  2:16  Extractor, Metabolic Boost  
  21  2:18  Queen  
  21  2:22  Drone  
  23  2:26  Zergling x2  
  24  2:33  Drone  
  25  2:42  Queen, Drone x2  
  29  2:46  Zergling x2  
  30  2:56  Roach Warren  
  29  3:01  Zergling x2  
  29  3:04  Drone x2  
  32  3:17  Drone  
  34  3:20  Drone x2  
  34  3:24  Drone  
  34  3:26  Overlord  
  36  3:33  Lair  
  36  3:36  Roach  
  36  3:38  Roach  
  40  3:50  Roach x2  
  40  3:53  Overlord  
  40  3:55  Drone x2  
  46  4:04  Drone x2  
  46  4:05  Drone  
  46  4:08  Extractor  
  46  4:09  Overlord  
  45  4:26  Roach x5  
  45  4:29  Roach  
  57  4:31  Glial Reconstitution  
  57  4:36  Drone x2  
  59  4:48  Hydralisk Den  
  59  4:51  Drone x2  
  59  4:52  Infestation Pit  
  59  4:53  Drone  
  60  5:03  Drone  
  60  5:04  Drone x4  
  60  5:05  Extractor  
  64  5:24  Roach x2  
  64  5:46  Roach x2  
  68  5:51  Hive  
  68  5:53  Overlord x4  
  68  6:04  Overlord  
  68  6:05  Overlord x2  
  68  6:06  Overlord  
  68  6:12  Ravager, Overseer  
  68  6:16  Hatchery  
  68  6:27  Hydralisk x3, Spore Crawler  
  68  6:28  Roach x2  
  68  6:32  Muscular Augments  
  77  6:42  Drone x4  
  81  7:02  Spine Crawler  
  81  7:04  Spore Crawler  
  79  7:17  Roach x5  
  79  7:18  Evolution Chamber  
  79  7:20  Hydralisk x4  
  79  7:21  Hydralisk  
  98  7:38  Drone  
  98  7:39  Drone  
  98  7:43  Queen  
  102  7:47  Hatchery  
  101  7:54  Roach  
  101  7:55  Roach x2  
  101  8:38  Ultralisk Cavern, Zerg Ground Armor Level 1  
  101  8:41  Drone x6  
  103  8:45  Drone x3  
  109  8:51  Hydralisk  
  109  8:52  Hydralisk, Roach  
  109  8:53  Roach x3  
  121  8:57  Ravager x3  
  121  8:58  Ravager  
  121  8:59  Ravager x2  
  127  9:05  Lurker Den  
  127  9:10  Drone x4  
  127  9:11  Drone  
  127  9:15  Overlord  
  132  9:17  Drone  
  132  9:23  Drone  
  132  9:24  Drone x4  
  137  9:27  Extractor  
  137  9:29  Extractor  
  136  9:37  Roach x4  
  144  9:44  Extractor  
  143  9:47  Extractor  
  142  9:56  Pneumatized Carapace  
  94  10:41  Roach x3  
  94  10:42  Ultralisk x3  
  116  10:43  Hydralisk  
  116  10:44  Hydralisk x6  
  119  11:18  Ravager  
  112  11:31  Ultralisk x2  
Show
View Real Time Build Order
Export as new Build Order

Fropez Protoss 

Build Orders:  

Get SALT Encoding   

  12  0:02  Probe (Chrono Boost)  
  13  0:14  Pylon  
  13  0:19  Pylon  
  13  0:20  Probe (Chrono Boost)  
  15  0:35  Assimilator  
  15  0:42  Gateway  
  14  0:46  Probe (Chrono Boost)  
  15  0:58  Probe (Chrono Boost)  
  15  1:02  Assimilator  
  16  1:13  Pylon, Probe (Chrono Boost)  
  17  1:23  Probe (Chrono Boost)  
  18  1:34  Probe (Chrono Boost), Cybernetics Core  
  19  1:55  Pylon  
  19  1:57  Probe (Chrono Boost)  
  21  2:13  Mothership Core (Chrono Boost)  
  21  2:14  Warp Gate (Chrono Boost)  
  22  2:18  Adept  
  24  2:31  Probe (Chrono Boost)  
  24  2:33  Pylon  
  25  2:42  Probe (Chrono Boost)  
  26  2:52  Probe (Chrono Boost)  
  26  3:03  Probe  
  26  3:04  Adept  
  29  3:15  Probe  
  31  3:27  Probe  
  31  3:29  Gateway  
  31  3:31  Gateway  
  31  3:33  Pylon  
  31  3:35  Adept  
  31  3:39  Probe  
  32  3:51  Probe  
  33  4:03  Probe  
  34  4:15  Probe  
  35  4:33  Nexus  
  35  4:39  Gateway  
  35  4:40  Assimilator  
  35  4:42  Assimilator  
  35  4:48  Gateway  
  35  4:50  Adept  
  37  4:56  Adept  
  39  5:01  Probe  
  40  5:13  Probe  
  39  5:16  Forge  
  39  5:17  Zealot x2  
  39  5:19  Pylon  
  41  5:26  Probe  
  38  5:44  Zealot x2  
  42  5:50  Probe  
  42  5:52  Protoss Ground Weapons Level 1 (Chrono Boost)  
  43  6:08  Twilight Council, Pylon  
  43  6:09  Probe  
  44  6:13  Adept x4  
  52  6:28  Photon Cannon  
  52  6:33  Photon Cannon  
  44  6:50  Stargate  
  44  6:54  Probe  
  44  6:58  Blink (Chrono Boost)  
  45  7:01  Stalker x2  
  45  7:02  Stalker  
  45  7:07  Probe  
  52  7:19  Probe  
  53  7:35  Stalker x3  
  59  7:41  Protoss Ground Weapons Level 2 (Chrono Boost)  
  59  7:46  Probe x2  
  61  7:58  Probe  
  61  7:59  Probe  
  63  8:11  Probe  
  56  8:13  Pylon  
  56  8:18  Stalker x2  
  54  8:35  Pylon  
  54  8:36  Mothership Core  
  54  8:39  Stalker x2  
  54  8:40  Stalker  
  62  8:48  Probe  
  62  8:49  Pylon  
  63  8:58  Pylon, Photon Cannon  
  63  9:06  Pylon  
  63  9:11  Pylon  
  63  9:19  Pylon  
  63  9:21  Pylon  
  63  9:24  Probe  
  64  9:25  Probe  
  64  9:29  Stalker  
  67  9:33  Void Ray (Chrono Boost)  
  71  9:43  Stargate  
  71  9:44  Probe  
  71  9:45  Probe  
  73  9:46  Photon Cannon  
  73  9:52  Photon Cannon  
  73  9:56  Stalker  
  73  9:59  Stalker  
  77  10:13  Void Ray  
  73  10:21  Stalker x3  
  64  10:37  Stalker  
  64  10:38  Void Ray  
  68  10:46  Photon Cannon x2  
  68  10:47  Pylon  
  68  10:48  Pylon  
  68  10:56  Zealot x2  
  43  11:20  Probe  
  44  11:33  Probe  
  48  11:45  Probe  
Tags
 
Matchup
PvZ
Replay Pack
All Mines
Spawn Locations
Close Positions
Add a new tag
Caveats
  • Supply blocks, unpowered buildings, or Contaminate may cause inaccurate times.
  • Supply counts are checked every 10 seconds.